 Dungeon Crawl Stone Soup version 0.18-a0-1485-g189885c (webtiles) character file.

132542 Tomstefer the Fencer (level 16, -6/160 HPs)
             Began as a Minotaur Berserker on Mar 3, 2016.
             Was the Champion of Trog.
             Mangled by an eight-headed hydra (7 damage)
             ... on level 4 of the Swamp.
             The game lasted 01:17:34 (32886 turns).

Tomstefer the Fencer (Minotaur Berserker)          Turns: 32886, Time: 01:17:35

Health: -6/160     AC: 24    Str: 40    XL:     16   Next: 57%
Magic:  5/5        EV: 12    Int:  6    God:    Trog [******]
Gold:   1705       SH:  0    Dex: 21    Spells: 0 memorised, 15 levels left

rFire  x . .     SeeInvis .     z - +9 great sword "Biownah" {antimagic, Str+8 Int-3}
rCold  + + .     Gourm    .     Z - +0 ice dragon armour
rNeg   . . .     Faith    .     (shield currently unavailable)
rPois  .         Spirit   .     (helmet unavailable)
rElec  .         Dismiss  .     L - +2 cloak
rCorr  .         Reflect  +     A - +0 pair of gloves "Xeseac" {Str+4}
SustAt .         Harm     .     G - +0 pair of boots of Paranoia {*Confuse rC- Regen+ Int+5 Dex+8}
MR     ++...                    a - +4 amulet of reflection
Stlth  ..........               R - ring of protection from magic
                                u - ring "Adyimu" {rC+ Slay+4}

@: confused, exhausted, slowed, very slow, very resistant to hostile
enchantments, extremely unstealthy
A: retaliatory headbutt, horns 3, strong 1
a: Berserk, Trog's Hand, Brothers in Arms, Burn Spellbooks, Renounce Religion


You were on level 4 of the Swamp.
You worshipped Trog.
Trog was exalted by your worship.
You were hungry.

You visited 4 branches of the dungeon, and saw 29 of its levels.
You also visited: Ossuary.

You collected 3090 gold pieces.
You spent 1385 gold pieces at shops.

Inventory:

Hand Weapons
 n - a +0 scimitar of flaming
 z - the +9 great sword "Biownah" (weapon) {antimagic, Str+8 Int-3}
   (Trog gifted it to you on level 3 of the Lair of Beasts)

   It disrupts the flow of magical energy around spellcasters and certain
   magical creatures (including the wielder).
   It affects your strength (+8).
   It affects your intelligence (-3).
 H - a +6 triple sword of electrocution
Armour
 A - the +0 pair of gloves "Xeseac" (worn) {Str+4}
   (You bought it in a shop on level 2 of the Orcish Mines)

   It affects your strength (+4).
 G - the +0 pair of boots of Paranoia (worn) {*Confuse rC- Regen+ Int+5 Dex+8}
   (You bought it in a shop on level 2 of the Orcish Mines)

   It affects your intelligence (+5).
   It affects your dexterity (+8).
   It makes you vulnerable to cold.
   It increases your rate of regeneration.
   It may confuse you when you take damage.
 L - a +2 cloak (worn)
 X - a +0 fire dragon armour
 Z - a +0 ice dragon armour (worn)
Jewellery
 a - a +4 amulet of reflection (around neck)
 b - an uncursed ring of positive energy
 l - an uncursed ring of see invisible
 u - the ring "Adyimu" (left hand) {rC+ Slay+4}
   (You bought it in a shop on level 10 of the Dungeon)

   [ring of protection from cold]

   It affects your accuracy and damage with ranged weapons and melee attacks
   (+4).
   It protects you from cold.
 R - a ring of protection from magic (right hand)
Wands
 h - a wand of paralysis (7/24)
 w - a wand of flame (27/48)
 y - a wand of lightning (8/15)
 S - a wand of digging (13/24)
 W - a wand of disintegration (7/24)
Scrolls
 d - 9 scrolls of enchant armour
 e - 10 scrolls of remove curse
 j - 2 scrolls of fog
 m - 11 scrolls of identify
 q - 3 scrolls of magic mapping
 r - a scroll of summoning
 s - 6 scrolls of teleportation
 v - a scroll of immolation
 B - 5 scrolls of blinking
 C - 7 scrolls of enchant weapon
 D - 4 scrolls of recharging
 P - a scroll of brand weapon
Potions
 i - 5 potions of brilliance
 k - 6 potions of agility
 p - a potion of heal wounds
 x - 11 potions of curing
 E - 2 potions of cancellation
 F - a potion of magic
 I - 3 potions of berserk rage
 J - 4 potions of haste
 M - a potion of resistance
 Q - 3 potions of flight
 T - a potion of lignification
 V - a potion of cure mutation
Miscellaneous
 t - a lamp of fire
Comestibles
 c - 8 bread rations
 f - 11 meat rations
 g - 4 royal jellies
 o - 37 fruits
 O - a slice of pizza
 Y - 9 beef jerkies


   Skills:
 + Level 19.1 Fighting
 + Level 20.5 Long Blades
 + Level 18.8 Armour
 - Level 2.1 Dodging
   Level 4.0 Shields


You had 15 spell levels left.
You didn't know any spells.

Dungeon Overview and Level Annotations

Branches:
Dungeon (15/15)            Temple (0/1) D:4            Lair (8/8) D:11
  Swamp (4/4) Lair:6       Spider (0/4) Lair:4        Slime (0/6) Lair:7
    Orc (2/2) D:10            Elf (0/3) Orc:2        Vaults (0/5) D:13
 Depths (0/5) D:15

Altars:
Cheibriados
Dithmenos
Fedhas
Makhleb
Nemelex Xobeh
Pakellas
Qazlal
Trog
Vehumet
Zin
The Shining One

Shops:
D:4 (   D:6 *   D:7 *   D:10 }*?[=   D:11 *   D:14 }   Orc:2 ([*=

Portals:
Hell: Lair:8


Innate Abilities, Weirdness & Mutations

You reflexively headbutt those who attack you in melee.
You have a pair of large horns on your head.
Your muscles are strong. (Str +2)


Message History

The eight-headed hydra misses you. The eight-headed hydra bites you.
The eight-headed hydra bites you!
* * * LOW HITPOINT WARNING * * *
The eight-headed hydra bites you but does no damage. x2
The eight-headed hydra barely misses you.
The eight-headed hydra bites you but does no damage.
The eight-headed hydra misses you. The titanic slime creature hits you!!!
* * * LOW HITPOINT WARNING * * *
The five-headed hydra closely misses you.
The five-headed hydra bites you.
* * * LOW HITPOINT WARNING * * *
The five-headed hydra bites you but does no damage. x2
The five-headed hydra barely misses you.
The eight-headed hydra bites you but does no damage. x3
The eight-headed hydra closely misses you.
The eight-headed hydra bites you.
* * * LOW HITPOINT WARNING * * *
The eight-headed hydra barely misses you. x2
The eight-headed hydra bites you!
You die...

≈≈♣.≈≈≈≈≈≈......♣
≈..§≈......†≈...♣
.≈≈≈≈.D♣≈≈§.≈..≈♣
♣≈≈≈≈..≈.....≈≈≈♣
♣..≈≈≈≈≈.....)).♣
≈≈≈≈≈≈≈.≈≈≈.≈♣♣
≈≈≈≈≈≈≈k≈≈≈..≈♣
≈≈≈≈≈wDJ♣♣♣≈.≈♣
≈≈≈≈?≈D@♣ ♣≈.♣♣
≈≈≈≈≈≈≈♣♣♣♣§≈♣♣
≈≈.≈≈≈. ♣(.≈≈.♣
...≈≈≈≈ ♣≈≈≈.♣♣
.≈....≈ ♣≈≈≈≈♣
.≈..... ♣♣...♣♣
♣♣♣≈.♣♣♣♣♣≈...♣
♣♣♣♣♣..♣♣≈..♣
♣.≈.♣.≈≈♣♣


You could see an eight-headed hydra, 2 five-headed hydras, a titanic slime
creature, a swamp worm (confused) and a swamp drake.

Vanquished Creatures
  A tentacled monstrosity (Swamp:3)
  2 thorn hunters (Swamp:2)
  Donald (Swamp:2)
  Maud (Orc:1)
  A dire elephant (Lair:8)
  Azrael (Orc:2)
  Snorg (Orc:1)
  A fire dragon (D:15)
  The ghost of Vahdor the Nimble, a journeyman DrBe of Trog (D:12)
  An ice dragon (D:15)
  13 hydras
  Erolcha (D:12)
  3 ogre magi
  3 centaur warriors
  2 catoblepae
  8 alligators
  A death knight (D:13)
  3 orc high priests (Orc:2)
  A sun demon (Lair:8)
  A skeletal warrior (D:13)
  Nergalle (D:12)
  A wizard (Lair:8)
  2 spriggan druids
  5 unseen horrors
  A swamp dragon (Swamp:2)
  A shambling mangrove (Swamp:2)
  6 hill giants
  A wolf spider zombie (D:14)
  A deep elf mage (D:13)
  A phantasmal warrior (D:13)
  2 orc knights (Orc:2)
  3 orc sorcerers (Orc:2)
  2 hornets
  A griffon (D:13)
  A manticore (D:11)
  2 cyclopes
  A sixfirhy (Lair:8)
  10 ugly things
  19 elephants
  7 black mambas
  Joseph (D:7)
  4 gargoyles
  An orange demon (Lair:8)
  16 spiny frogs
  4 rime drakes
  An efreet (D:15)
  2 freezing wraiths
  8 komodo dragons
  4 red devils (Lair:8)
  2 ice devils (Lair:8)
  A polar bear (shapeshifter) (D:13)
  9 trolls
  A hellwing (Lair:8)
  5 two-headed ogres
  22 slime creatures
  Grinder (D:6)
  9 blink frogs
  4 bog bodies
  4 giant leeches
  Sigmund (D:2)
  2 shadows
  4 spriggans (Swamp:2)
  2 wraiths
  A hill giant zombie (D:10)
  74 yaks
  4 wyverns
  2 steam dragons (Swamp:4)
  2 fire elementals (Orc:2)
  2 basilisks
  The ghost of yogakurto the Chucker, an amateur CeHu (D:4)
  6 hungry ghosts
  14 vampire mosquitoes
  Eustachio (D:4)
  10 hippogriffs
  16 wolves
  4 mottled dragons
  10 insubstantial wisps
  A mottled dragon (shapeshifter) (D:14)
  A soldier ant (D:15)
  10 swamp worms
  12 water moccasins
  8 hell hounds
  4 swamp drakes
  11 porcupines
  Purgy (D:3)
  32 orc warriors
  8 wasps
  2 black bears
  2 phantoms
  5 sky beasts
  7 ice beasts
  22 ogres
  An eye of draining (D:11)
  13 crocodiles
  7 centaurs
  3 big kobolds
  2 elf zombies (Ossuary)
  25 giant frogs
  A wyvern zombie (D:8)
  4 scorpions
  2 troll zombies (D:10)
  24 killer bees
  2 electric eels (Lair:3)
  13 wights
  3 howler monkeys
  3 crimson imps
  6 centaur zombies
  4 jellies
  2 giant frog zombies
  10 hounds
  A human zombie (Ossuary)
  24 orc priests
  34 orc wizards
  4 giant frog skeletons
  3 centaur skeletons
  An iron imp (D:7)
  7 iguanas
  Ijyb (D:2)
  Terence (D:3)
  Natasha (twice) (D:2)
  12 worker ants
  41 sheep
  3 ogre zombies (D:10)
  2 hound zombies
  3 mummies (Ossuary)
  A worker ant zombie (D:9)
  15 gnolls
  9 adders
  22 river rats
  6 shadow imps
  3 oozes (Lair:7)
  An adder skeleton (D:6)
  4 adder zombies
  4 worms
  A dart slug (D:3)
  7 giant geckos
  74 orcs
  2 ball pythons (D:1)
  7 bats
  8 giant cockroaches
  A gnoll zombie (Ossuary)
  41 goblins
  25 hobgoblins
  7 jackals
  9 kobolds
  4 quokkas
  A giant gecko skeleton (D:4)
  6 giant newts
  5 goblin zombies
  A hobgoblin skeleton (D:10)
  7 hobgoblin zombies
  4 jackal zombies
  5 kobold zombies (Ossuary)
  2 orc skeletons (D:10)
  14 orc zombies
  A quokka skeleton (D:9)
  7 quokka zombies
  37 rats
  4 rat zombies (Ossuary)
  2 briar patches (Swamp:2)
1107 creatures vanquished.

Vanquished Creatures (collateral kills)
  An orc warlord (Orc:2)
  2 hydras
  An orc high priest (Orc:2)
  An orc knight (Orc:2)
  5 orc warriors (Orc:2)
  A gnoll sergeant (Orc:1)
  A giant frog zombie (D:11)
  5 orc priests (Orc:2)
  3 orc wizards
  3 gnolls (Orc:1)
  10 orcs
33 creatures vanquished.

Vanquished Creatures (others)
  A hydra (Swamp:4)
  2 briar patches (Swamp:2)
  25 fungi
  8 plants (Lair:8)
36 creatures vanquished.

Grand Total: 1176 creatures vanquished

Notes
Turn   | Place    | Note
--------------------------------------------------------------
     0 | D:1      | Tomstefer the Minotaur Berserker began the quest for the Orb.
     0 | D:1      | Reached XP level 1. HP: 19/19 MP: 0/0
    56 | D:1      | Reached skill level 4 in Long Blades
   226 | D:1      | Reached XP level 2. HP: 26/26 MP: 1/1
   474 | D:1      | Reached ** piety under Trog
   485 | D:1      | Reached skill level 5 in Long Blades
   821 | D:2      | Reached XP level 3. HP: 31/31 MP: 2/2
  1100 | D:2      | Noticed Natasha
  1100 | D:2      | Noticed Sigmund
  1103 | D:2      | Reached skill level 6 in Long Blades
  1103 | D:2      | Reached XP level 4. HP: 25/39 MP: 3/3
  1110 | D:2      | Killed Natasha
  1115 | D:2      | Killed Sigmund
  1115 | D:2      | Reached skill level 8 in Long Blades
  1115 | D:2      | Reached XP level 5. HP: 18/45 MP: 4/4
  1428 | D:2      | Reached XP level 6. HP: 51/51 MP: 5/5
  1446 | D:2      | Found a radiant altar of Vehumet.
  1496 | D:2      | Found a glowing golden altar of the Shining One.
  1548 | D:2      | Noticed Ijyb
  1553 | D:2      | Killed Ijyb
  1623 | D:2      | Noticed Natasha
  1629 | D:2      | Killed Natasha
  1943 | D:2      | Found a bloodstained altar of Trog.
  2041 | D:3      | Noticed Purgy
  2049 | D:3      | Killed Purgy
  2049 | D:3      | Reached skill level 9 in Long Blades
  2281 | D:3      | Reached *** piety under Trog
  2366 | D:3      | Noticed Terence
  2372 | D:3      | Killed Terence
  2552 | D:3      | Reached XP level 7. HP: 57/57 MP: 6/6
  2567 | D:3      | Reached skill level 10 in Long Blades
  2749 | D:3      | Found a blossoming altar of Fedhas.
  3276 | D:3      | Reached **** piety under Trog
  3423 | D:4      | Found Keru's Antique Weapon Emporium.
  3560 | D:4      | Noticed Eustachio
  3566 | D:4      | Killed Eustachio
  3679 | D:4      | Found a staircase to the Ecumenical Temple.
  3729 | D:4      | Reached XP level 8. HP: 53/67 MP: 7/7
  3778 | D:4      | Noticed yogakurto's ghost (amateur CeHu)
  3785 | D:4      | Killed yogakurto's ghost
  3785 | D:4      | Reached skill level 5 in Fighting
  4056 | D:5      | Entered Level 5 of the Dungeon
  4085 | D:5      | Found a stormy altar of Qazlal.
  4381 | D:5      | Reached skill level 5 in Armour
  4399 | D:5      | Reached skill level 11 in Long Blades
  4849 | D:5      | You fall through a shaft for 3 floors!
  4878 | D:8      | Reached ***** piety under Trog
  5276 | D:8      | Reached XP level 9. HP: 79/79 MP: 8/8
  5405 | D:8      | Found a glowing silver altar of Zin.
  5627 | D:7      | Found Naegeras's General Store.
  5651 | D:7      | Reached skill level 12 in Long Blades
  5696 | D:7      | Found a sand-covered staircase.
  5702 | Ossuary  | Entered an ossuary
  6185 | D:7      | Received a gift from Trog
  6432 | D:6      | Found Nizer's General Store.
  6535 | D:6      | Reached skill level 1 in Shields
  6740 | D:6      | Noticed Grinder
  6770 | D:6      | Killed Grinder
  6770 | D:6      | Reached XP level 10. HP: 84/91 MP: 9/9
  7609 | D:6      | Received a gift from Trog
  8337 | D:7      | Noticed Joseph
  8354 | D:7      | Killed Joseph
  8356 | D:7      | Reached skill level 13 in Long Blades
  8959 | D:7      | Found a snail-covered altar of Cheibriados.
  9117 | D:7      | Reached skill level 10 in Fighting
  9585 | D:8      | Found a shadowy altar of Dithmenos.
 10427 | D:9      | Found a sparkling altar of Nemelex Xobeh.
 10508 | D:10     | Entered Level 10 of the Dungeon
 10508 | D:10     | Noticed a gargoyle
 10518 | D:10     | Killed a gargoyle
 10518 | D:10     | Reached skill level 10 in Armour
 10636 | D:10     | Found Pifidian's Antique Armour Shop.
 10642 | D:10     | Found Liuddeyr's Jewellery Boutique.
 10653 | D:10     | Reached ****** piety under Trog
 10786 | D:10     | Reached XP level 11. HP: 93/101 MP: 10/10
 10814 | D:10     | Received a gift from Trog
 11085 | D:10     | Found a staircase to the Orcish Mines.
 11118 | D:10     | Found Hogu's Magic Scroll Boutique.
 11124 | D:10     | Found Idumorph's Gadget Shop.
 11133 | D:10     | Found Jongika's General Store.
 11171 | D:10     | Noticed a hill giant
 11176 | D:10     | Killed a hill giant
 11176 | D:10     | Reached skill level 14 in Long Blades
 11406 | D:10     | Noticed a hill giant
 11412 | D:10     | Killed a hill giant
 11530 | D:11     | Noticed an unseen horror
 11547 | D:11     | Killed an unseen horror
 11898 | D:11     | Noticed a hill giant
 11904 | D:11     | Killed a hill giant
 12356 | D:11     | Found Benank's General Store.
 12357 | D:11     | Noticed a six-headed hydra
 12365 | D:11     | Killed a five-headed hydra
 12835 | D:11     | Found a staircase to the Lair.
 13023 | D:11     | Received a gift from Trog
 13048 | D:11     | Gained mutation: Your muscles are strong. (Str +2) [potion of beneficial mutation]
 13098 | D:11     | Noticed a purple ugly thing
 13104 | D:11     | Killed a purple ugly thing
 13431 | D:11     | Reached XP level 12. HP: 105/113 MP: 11/11
 13489 | D:11     | Reached skill level 15 in Long Blades
 13652 | Lair:1   | Entered Level 1 of the Lair of Beasts
 14962 | Lair:2   | Noticed a six-headed hydra
 14972 | Lair:2   | Killed a six-headed hydra
 16021 | Lair:3   | Received a gift from Trog
 16024 | Lair:3   | Got an ichor-stained great sword {god gift}
 16036 | Lair:3   | Identified the +9 great sword "Biownah" {antimagic, Str+8 Int-3} (Trog gifted it to you on level 3 of the Lair of Beasts)
 16827 | Lair:4   | Found a hole to the Spider Nest.
 16885 | Lair:4   | Reached skill level 16 in Long Blades
 17304 | Lair:4   | Identified a scroll of acquirement
 17871 | Lair:5   | Reached XP level 13. HP: 105/124 MP: 4/12
 18178 | Lair:5   | Received a gift from Trog
 19028 | Lair:6   | Found a staircase to the Swamp.
 19275 | Lair:6   | Reached skill level 15 in Fighting
 19568 | Lair:7   | Reached skill level 17 in Long Blades
 19708 | Lair:7   | Received a gift from Trog
 19768 | Lair:7   | Found a staircase to the Slime Pits.
 20329 | Lair:7   | Reached skill level 15 in Armour
 20668 | Lair:8   | Entered Level 8 of the Lair of Beasts
 20775 | Lair:8   | Noticed a dire elephant
 20782 | Lair:8   | Killed a dire elephant
 21412 | Lair:8   | Gained mutation: You have a pair of large horns on your head. [potion of beneficial mutation]
 21440 | Lair:8   | Reached XP level 14. HP: 75/136 MP: 4/13
 22542 | Lair:8   | Found a burning altar of Makhleb.
 22556 | Lair:8   | Reached skill level 18 in Long Blades
 22561 | Lair:8   | Received a gift from Trog
 22579 | Lair:8   | Found a gateway to Hell.
 23293 | Orc:1    | Entered Level 1 of the Orcish Mines
 23378 | Orc:1    | Noticed Maud
 23388 | Orc:1    | Killed Maud
 23396 | Orc:1    | Noticed Snorg
 23405 | Orc:1    | Killed Snorg
 23994 | Orc:2    | Entered Level 2 of the Orcish Mines
 24251 | Orc:2    | Found a staircase to the Elven Halls.
 24289 | Orc:2    | Received a gift from Trog
 24376 | Orc:2    | Noticed an orc warlord
 24410 | Orc:2    | Killed an orc warlord
 24969 | Orc:2    | Received a gift from Trog
 25067 | Orc:2    | Found Qovina's General Store.
 25068 | Orc:2    | Found Kaowav's Jewellery Emporium.
 25069 | Orc:2    | Found Kaurun's Antique Armour Shoppe.
 25069 | Orc:2    | Found Zimuim's Antique Weapon Shoppe.
 25105 | Orc:2    | Bought a pair of brightly glowing gloves for 351 gold pieces
 25105 | Orc:2    | Bought a pair of ancient boots for 351 gold pieces
 25116 | Orc:2    | Identified the +0 pair of gloves "Xeseac" {Str+4} (You bought it in a shop on level 2 of the Orcish Mines)
 25126 | Orc:2    | Identified the cursed +0 pair of boots of Paranoia {*Confuse rC- Regen+ Int+5 Dex+8} (You bought it in a shop on level 2 of the Orcish Mines)
 25232 | Orc:2    | Noticed Azrael
 25247 | Orc:2    | Killed Azrael
 25306 | D:10     | Bought the ring "Adyimu" {rC+ Slay+4} for 683 gold pieces
 25629 | D:12     | Noticed Vahdor's ghost (journeyman DrBe)
 25639 | D:12     | Killed Vahdor's ghost
 25645 | D:12     | Reached XP level 15. HP: 112/147 MP: 4/14
 25858 | D:12     | Noticed Erolcha
 25860 | D:12     | Killed Erolcha
 25864 | D:12     | Found an oddly glowing altar of Pakellas.
 25917 | D:12     | Noticed Nergalle
 25928 | D:12     | Killed Nergalle
 26393 | D:13     | Reached skill level 19 in Long Blades
 27149 | D:13     | Found a gate to the Vaults.
 27156 | D:13     | Received a gift from Trog
 28352 | D:14     | Found Plog's Gadget Shop.
 28712 | D:15     | Entered Level 15 of the Dungeon
 28852 | D:15     | Found a staircase to the Depths.
 29333 | D:15     | Received a gift from Trog
 29706 | Swamp:1  | Entered Level 1 of the Swamp
 30021 | Swamp:1  | Reached XP level 16. HP: 150/158 MP: 5/15
 30128 | Swamp:1  | Reached skill level 20 in Long Blades
 30804 | Swamp:2  | Noticed a thorn hunter
 30819 | Swamp:2  | Killed a thorn hunter
 30839 | Swamp:2  | Received a gift from Trog
 31249 | Swamp:2  | Noticed Donald
 31257 | Swamp:2  | Killed Donald
 31259 | Swamp:2  | Noticed a thorn hunter
 31268 | Swamp:2  | Killed a thorn hunter
 32646 | Swamp:3  | Noticed a tentacled monstrosity
 32651 | Swamp:3  | Killed a tentacled monstrosity
 32738 | Swamp:4  | Entered Level 4 of the Swamp
 32884 | Swamp:4  | HP: 8/160 [eight-headed hydra (8)]
 32886 | Swamp:4  | HP: 3/160 [five-headed hydra (1)]
 32886 | Swamp:4  | HP: 1/160 [eight-headed hydra (2)]
 32886 | Swamp:4  | Mangled by an eight-headed hydra

Vault maps used:
D:1:      dpeg_arrival_short_road
D:2:      nicolae_overflow_crystal_walls, fiery_altar_vehumet,
          lightli_temple_of_fire, first_bread, uniq_iyjb, uniq_natasha,
          uniq_sigmund
D:3:      overflow_temple_1_default, minmay_rats_cheesy_pizza, uniq_purgy,
          uniq_terence
D:4:      minmay_temple_entry_statues_fountains, serial_shops, shop,
          uniq_eustachio
D:5:      grunt_qazlal_sundering, st_stairs_8
D:6:      minmay_goblin_kobold_castle, serial_shops, nicolae_shop_waterfront,
          uniq_grinder
D:7:      slow_altar_2, enter_ossuary_3, serial_shops, shop, glass_columns_a,
          serial_bayou_ford_a, st_stairs_2, grunt_ministairs_9,
          small_statue_intersection, minmay_parallelograms, uniq_joseph
D:8:      lemuel_crystal_altar, kennysheep_mini_moat, blue_anna_alchemist
D:9:      nemelex_spade_bored_becter
D:10:     zombieorc1_lemuel, serial_shops, shop, shop, shop, shop_scrolls,
          nicolae_shop_crystal
D:11:     lair_0_dummy, serial_shops, nicolae_shop_competitors_out_of_business
D:12:     basic_altar, serial_corexii_hall, corexii_hall_statues_t,
          corexii_hall_statues_i, corexii_hall_statues_u,
          corexii_hall_statues_deadend, uniq_nergalle, uniq_erolcha
D:13:     david_vaults_2
D:14:     grunt_decor_one_mirror, serial_shops, shop_statue
D:15:     grunt_enter_depths_hoard, nicolae_wwwww
Lair:3:   dpeg_stationary_puzzle, grunt_megastairs_2, bh_autumn_forest_stairs
Lair:4:   nicolae_spider_entry_non_spiders, lemuel_fruit_tree
Lair:6:   minmay_swamp_entry_reptiles
Lair:7:   nicolae_slime_entry_slimehenge, serial_bayou_pond_d,
          grunt_forest_small_clearing_treed
Lair:8:   evil_forest
Swamp:1:  hangedman_swamp_ruin_hall
Swamp:2:  evilmike_swamp_ruin_house_2, uniq_donald
Swamp:3:  nicolae_swamp_dense_foliage
Swamp:4:  swamp_fiery, swamp_pool2
Orc:1:    uniq_snorg, uniq_maud
Orc:2:    st_orc_congregation, uniq_azrael
Ossuary:  minmay_ossuary_two_tombs

Skill      XL: |  1  2  3  4  5  6  7  8  9 10 11 12 13 14 15 16 |
---------------+-------------------------------------------------+-----
Long Blades    | 4 5 6 8 9 10 11 12 13 14 16 17 18 19 20 | 20.5
Fighting       | 4 7 9 10 12 14 15 17 18 19 | 19.1
Armour         | 4 6 8 10 12 13 15 16 18 | 18.8
Shields        | 2 4 |  4.0
Dodging        | |  2.1

Action                   |  1- 3 |  4- 6 |  7- 9 | 10-12 | 13-15 | 16-18 || total
-------------------------+-------+-------+-------+-------+-------+-------++-------
Melee: Falchion          |    58 |    45 |       |    98 |       |       ||   201
       Long sword        |       |    34 |   491 |    94 |       |       ||   619
       Scimitar          |       |       |       |   168 |       |       ||   168
       Great sword       |       |       |       |   215 |   801 |   197 ||  1213
       Triple sword      |       |       |       |   126 |       |       ||   126
Invok: Berserk           |     2 |     4 |     8 |    11 |    12 |     1 ||    38
       Burn Spellbooks   |       |       |     2 |     1 |     3 |     1 ||     7
       Brothers in Arms  |       |       |       |     2 |     4 |       ||     6
       Trog's Hand       |       |       |       |     1 |     7 |     1 ||     9
  Use: Scroll            |       |     2 |     1 |    27 |     8 |     1 ||    39
       Potion            |       |       |     6 |     1 |     5 |     4 ||    16
 Stab: Petrified         |       |       |       |       |     2 |       ||     2
  Eat: Chunk             |     3 |     8 |    21 |    38 |    44 |     2 ||   116
       Bread ration      |       |       |     2 |     3 |     2 |     1 ||     8
       Pizza             |       |       |     1 |       |       |       ||     1
       Fruit             |       |       |       |       |     2 |     5 ||     7
